 Dungeon Crawl Stone Soup version 0.20-a0-494-gf50ee04 (webtiles) character file.

1813 M4edhros the Covert (level 9, -3/48 HPs)
             Began as an Octopode Artificer on Jan 17, 2017.
             Was a Follower of Fedhas.
             Slain by a troll (10 damage)
             ... on level 6 of the Dungeon.
             The game lasted 00:07:35 (4642 turns).

M4edhros the Covert (Octopode Artificer)            Turns: 4642, Time: 00:07:36

Health: -3/48      AC:  3    Str: 13    XL:     9   Next: 10%
Magic:  11/11      EV: 17    Int: 13    God:    Fedhas [*.....]
Gold:   203        SH:  2    Dex: 16    Spells: 8/8 levels left

rFire    . . .     SeeInvis .   a - +0 short sword
rCold    . . .     Gourm    .   (no shield)
rNeg     . . .     Faith    .   (helmet restricted)
rPois    .         Spirit   .   z - +2 amulet of reflection
rElec    .         Reflect  +   g - ring of flight
rCorr    .         Harm     .   m - ring of protection from magic
MR       +....                  (no ring)
Stlth    ++++++....             (no ring)
Regen    0.2/turn               (no ring)
                                (no ring)
                                (no ring)
                                (no ring)

@: no status effects
A: almost no armour, stealthy swim, amphibious, 8 rings, constrict 8, tentacle
spike 1, repulsion field 1, thin metallic scales 1, camouflage 1, frail 1,
strong 1, gelatinous body 1
a: Fungal Bloom, Evolution, Renounce Religion, Evoke Flight


You were on level 6 of the Dungeon.
You worshipped Fedhas.
Fedhas was aware of your devotion.
You were not hungry.

You visited 2 branches of the dungeon, and saw 7 of its levels.

You collected 203 gold pieces.

Inventory:

Hand Weapons
 a - a +0 short sword (weapon)
 x - a +0 hunting sling
 E - a +2 mace of protection
Missiles
 o - 157 stones (quivered)
 q - 34 sling bullets
Jewellery
 g - a ring of flight (left tentacle)
 m - a ring of protection from magic (right tentacle)
 t - an uncursed amulet of guardian spirit
 z - a +2 amulet of reflection (around mantle)
Wands
 b - a wand of flame (3/48)
 c - a wand of enslavement (8/24)
 d - a wand of random effects (6/48)
 n - a wand of scattershot (2/9)
Scrolls
 e - 2 scrolls of teleportation {unknown}
 h - 3 scrolls of recharging {unknown}
 k - a scroll of identify
 y - 3 scrolls of enchant weapon {unknown}
 A - a scroll of remove curse
 B - a scroll of enchant armour {unknown}
 C - 2 scrolls of fog {unknown}
Potions
 i - a potion of haste {unknown}
 j - 2 potions of cure mutation
 l - 3 potions of lignification
 s - a potion of ambrosia {unknown}
 D - a potion of brilliance {unknown}
 F - a potion of cancellation {unknown}
Books
 u - a book of Changes

   Spells                             Type                      Level
   a - Beastly Appendage              Transmutation                1
   b - Sticks to Snakes               Transmutation                2
   c - Spider Form                    Transmutation/Poison         3
   d - Ice Form                       Ice/Transmutation            4
   e - Blade Hands                    Transmutation                5
Comestibles
 f - 2 bread rations
 p - a beef jerky
 r - 3 meat rations
 v - 2 fruits


   Skills:
 + Level 2.2 Fighting
 - Level 1.0 Short Blades
 * Level 3.1 Slings
 + Level 3.4 Dodging
 + Level 13.2 Stealth
 * Level 3.5 Invocations
 - Level 3.2 Evocations


You had 8 spell levels left.
You didn't know any spells.

Dungeon Overview and Level Annotations

Branches:
Dungeon (6/15)             Temple (1/1) D:5

Altars:
Ashenzari
Cheibriados
Dithmenos
Elyvilon
Fedhas
Kikubaaqudgha
Qazlal
Ru
Sif Muna
Trog
Xom
Zin
Lugonu


Innate Abilities, Weirdness & Mutations

You cannot wear most types of armour.
You are very stealthy in the water. (Stealth+)
You are amphibious.
You can wear up to eight rings at the same time.
You can use your tentacles to constrict eight enemies at once.
Your skin changes colour to match your surroundings (Stealth+).
Your rubbery body absorbs attacks. (AC +1, EV +1)
One of your tentacles bears a spike.
You are surrounded by a mild repulsion field. (EV +2)
You are partially covered in thin metallic scales. (AC +2)
You are frail. (-10% HP)
Your muscles are strong. (Str +2)


Message History

The troll cries.
You hit the troll.
The troll is heavily wounded.
You hit the troll.
Your tentacle spike misses the troll.
The troll is heavily wounded.
You hit the troll.
You pierce the troll, but do no damage.
You squeeze the troll.
The troll is heavily wounded.
The troll seems less confused.
The troll barely misses you. The troll closely misses you. The troll claws you!
You hit the troll.
Your tentacle spike misses the troll.
You squeeze the troll.
The troll is severely wounded.
The troll closely misses you. The troll claws you. The troll misses you.
You barely miss the troll. Your squeeze misses the troll.
The troll is severely wounded.
The troll bites you! The troll claws you!
* * * LOW HITPOINT WARNING * * *
The troll claws you!
You die...
Fedhas appreciates your contribution to the ecosystem.

#...# #.# ##....#.# #...#
######.### #.####.
.####...# #........#
........# #........###
..####..# #..........
..####..####.>......###(#
.......)............'...
.###########...T..).#
#.......@..[#
#..........)# #
#.ff........###.#
#......####...#.#
#......###......####
#.#######....$......
#.#######....)....[.
#.....(.)..).......o
#########÷P)........


You could see a troll and 2 friendly wandering mushrooms.

Vanquished Creatures
  Pikel (D:4)
  Grinder (D:3)
  Sigmund (D:6)
  Menkaure (D:4)
  A slave (D:4)
  An iguana (D:4)
  An ogre (D:6)
  A centaur (D:6)
  A crimson imp (D:5)
  A centaur zombie (D:5)
  2 orc priests (D:6)
  Jessica (D:3)
  4 worker ants
  A hound skeleton (D:5)
  9 adders
  A shadow imp (D:5)
  An ooze (D:3)
  An adder skeleton (D:5)
  2 worms
  5 dart slugs
  3 leopard geckos
  14 orcs
  6 bats
  6 giant cockroaches
  7 goblins
  4 hobgoblins
  6 jackals (D:4)
  3 kobolds
  2 quokkas (D:3)
  A ball python (D:1)
  2 ball python skeletons
  3 frilled lizards
  A jackal skeleton (D:4)
  A quokka skeleton (D:4)
  8 rats
104 creatures vanquished.

Vanquished Creatures (collateral kills)
  Edmund (D:6)
  An orc warrior (D:6)
  A phantom (D:4)
  A centaur (D:6)
  A bullfrog (D:6)
  A crimson imp (D:4)
  2 orc priests (D:6)
  An iguana (D:6)
  An adder (D:6)
  4 orcs (D:6)
  A jackal (D:4)
15 creatures vanquished.

Vanquished Creatures (others)
  A scorpion (D:4)
  A worker ant (D:4)
  An adder (D:4)
  49 toadstools
52 creatures vanquished.

Grand Total: 171 creatures vanquished

Notes
Turn   | Place    | Note
-------+----------+-------------------------------------------
     0 | D:1      | M4edhros the Octopode Artificer began the quest for the Orb.
     0 | D:1      | Reached XP level 1. HP: 13/13 MP: 3/3
    17 | D:1      | Reached skill level 2 in Stealth
    48 | D:1      | Reached XP level 2. HP: 17/18 MP: 4/4
    59 | D:1      | Reached skill level 3 in Stealth
   283 | D:2      | Reached skill level 4 in Stealth
   283 | D:2      | Reached XP level 3. HP: 23/23 MP: 5/5
   428 | D:3      | Noticed Grinder
   438 | D:3      | HP: 1/23 [Grinder (5)]
   439 | D:3      | Killed Grinder
   439 | D:3      | Reached skill level 8 in Stealth
   439 | D:3      | Reached XP level 4. HP: 2/28 MP: 6/6
   439 | D:3      | Reached XP level 5. HP: 2/33 MP: 7/7
   528 | D:3      | Reached XP level 6. HP: 14/38 MP: 8/8
   928 | D:4      | Noticed a phantom
   948 | D:4      | Killed a phantom
   948 | D:4      | Reached skill level 9 in Stealth
  1181 | D:4      | Noticed Menkaure
  1188 | D:4      | Killed Menkaure
  1188 | D:4      | Reached skill level 10 in Stealth
  1188 | D:4      | Reached XP level 7. HP: 43/43 MP: 9/9
  1223 | D:4      | Noticed Pikel
  1240 | D:4      | Killed Pikel
  1240 | D:4      | Reached skill level 12 in Stealth
  1240 | D:4      | Reached XP level 8. HP: 11/48 MP: 3/10
  1662 | D:5      | Entered Level 5 of the Dungeon
  2010 | D:5      | Found a blossoming altar of Fedhas.
  2031 | D:5      | Became a worshipper of Fedhas Madash
  2733 | D:2      | Found a glowing silver altar of Zin.
  2733 | D:2      | Found a shadowy altar of Dithmenos.
  2734 | D:2      | Found a stormy altar of Qazlal.
  2832 | D:2      | Found a sacrificial altar of Ru.
  3262 | D:3      | Noticed Jessica
  3267 | D:3      | Killed Jessica
  3394 | D:3      | Reached * piety under Fedhas
  3609 | D:3      | Found a deep blue altar of Sif Muna.
  3633 | D:3      | Reached skill level 1 in Slings
  3776 | D:5      | Found a staircase to the Ecumenical Temple.
  3786 | Temple   | Entered the Ecumenical Temple
  3862 | D:5      | Reached skill level 1 in Invocations
  3977 | D:5      | Gained mutation: You are surrounded by a mild repulsion field. (EV +2) [potion of mutation]
  3977 | D:5      | Gained mutation: You are frail. (-10% HP) [potion of mutation]
  3977 | D:5      | Gained mutation: One of your tentacles bears a spike. [potion of mutation]
  3978 | D:5      | Gained mutation: You are partially covered in thin metallic scales. (AC +2) [potion of mutation]
  3978 | D:5      | Gained mutation: Your muscles are strong. (Str +2) [potion of mutation]
  4318 | D:6      | Noticed Sigmund
  4324 | D:6      | Killed Sigmund
  4324 | D:6      | Reached skill level 13 in Stealth
  4553 | D:6      | Noticed a troll
  4575 | D:6      | Reached XP level 9. HP: 48/48 MP: 11/11
  4577 | D:6      | Noticed Edmund
  4581 | D:6      | Killed Edmund
  4642 | D:6      | Slain by a troll

Vault maps used:
D:1:      scummos_arrival_forest, hangedman_decor_push
D:2:      lemuel_crystal_altar, gammafunk_temple_overflow_claw
D:3:      lemuel_crystal_altar, grunt_ministairs_11, uniq_jessica, uniq_grinder
D:4:      kennysheep_generic_room_8, uniq_menkaure, uniq_pikel
D:5:      old_standard_altar, first_bread
D:6:      nicolae_overflow_crystal_walls, kennysheep_mini, marbit_many_paths,
          nemelex_dance_club_becter, uniq_sigmund, uniq_edmund
Temple:   corrupted_temple

Skill      XL: |  1  2  3  4  5  6  7  8  9 |
---------------+----------------------------+-----
Stealth        | 2 4 8 10 12 13 | 13.2
Slings         | 2 3 |  3.1
Invocations    | 3 |  3.5
Fighting       | 2 |  2.2
Dodging        | 3 |  3.4
Short Blades   | |  1.0
Evocations     | |  3.2

Action                   |  1- 3 |  4- 6 |  7- 9 || total
-------------------------+-------+-------+-------++-------
Melee: Short sword       |    33 |    18 |    77 ||   128
       Constrict         |     8 |     4 |    38 ||    50
       Tentacles         |     5 |     5 |    40 ||    50
       Mace              |       |       |    88 ||    88
       Kick              |       |       |    20 ||    20
Invok: Fungal Bloom      |       |       |    21 ||    21
       Evolution         |       |       |     2 ||     2
Evoke: Wand              |     6 |    10 |    12 ||    28
  Use: Potion            |     1 |       |     3 ||     4
       Scroll            |       |       |     5 ||     5
 Stab: Sleeping          |     7 |     4 |    34 ||    45
       Paralysed         |       |     1 |       ||     1
       Confused          |       |       |     1 ||     1
  Eat: Chunk             |       |     1 |     3 ||     4
       Meat ration       |       |       |     1 ||     1
       Bread ration      |       |       |     1 ||     1
Armor: Skin              |     2 |     3 |    21 ||    26
Dodge: Dodged            |    26 |    18 |    92 ||   136
Block: Other             |       |       |     7 ||     7
